 Dungeon Crawl Stone Soup version 0.29.1-15-g9cfb28693d (webtiles) character file.

Game seed: 7980260528797474963

3188 otct the Geomancer (level 9, -10/45 HPs)
             Began as a Gargoyle Earth Elementalist on Jan 21, 2023.
             Was a Priest of Okawaru.
             Killed by divine providence
             ... invoked by a meliai
              (12 damage)
             ... on level 8 of the Dungeon on Apr 10, 2023.
             The game lasted 00:16:25 (7563 turns).

otct the Geomancer (Gargoyle Earth Elementalist)    Turns: 7563, Time: 00:16:26

Health: -10/45     AC: 13    Str: 12    XL:     9   Next: 95%
Magic:  10/13      EV: 16    Int: 24    God:    Okawaru [***...]
Gold:   370        SH:  5    Dex: 12    Spells: 2/12 levels left

rFire   . . .      SeeInvis .   n - +0 whip
rCold   . . .      Faith    .   (no shield)
rNeg    + . .      Spirit   .   a - +0 robe
rPois   ∞          Reflect  +   v - +2 helmet
rElec   +          Harm     .   y - +0 cloak
rCorr   .          Rampage  .   d - +0 pair of gloves
Will    .....                   (no boots)
Stlth   ++........              k - amulet of reflection
HPRegen 0.15/turn               t - +4 ring of evasion
MPRegen 0.13/turn               z - +6 ring of intelligence

@: no status effects
A: sickness immunity, AC +6, negative energy resistance 1, electricity
resistance, torment resistance 1, petrification resistance
a: Renounce Religion, Heroism


You were on level 8 of the Dungeon.
You worshipped Okawaru.
Okawaru was most pleased with you.
You visited 1 branch of the dungeon, and saw 8 of its levels.

You collected 370 gold pieces.

Inventory:

Hand Weapons
 n - a +0 whip (weapon)
 q - a +0 flail
Armour
 a - a +0 robe (worn)
 d - a +0 pair of gloves (worn)
 v - a +2 helmet (worn)
 w - a +0 leather armour of cold resistance
 y - a +0 cloak (worn)
 J - a +0 pair of gloves
Jewellery
 c - a ring of fire
 k - an amulet of reflection (around neck)
 p - an amulet of magic regeneration
 t - a +4 ring of evasion (left hand)
 z - a +6 ring of intelligence (right hand)
Wands
 u - a wand of paralysis (22)
 A - a wand of mindburst (11)
Scrolls
 j - a scroll of blinking
 o - a scroll of immolation {unknown}
 B - a scroll of torment {unknown}
 C - 2 scrolls of noise {unknown}
 D - a scroll of teleportation
 E - 2 scrolls of enchant armour {unknown}
 F - a scroll of magic mapping
 G - a scroll of enchant weapon {unknown}
 H - 3 scrolls of fog {unknown}
 I - 2 scrolls of identify
Potions
 b - 2 potions of magic
 e - 4 potions of heal wounds
 f - 3 potions of mutation
 g - 3 potions of brilliance {unknown}
 h - 2 potions of curing {unknown}
 i - a potion of berserk rage {unknown}
 l - 9 potions of might
 m - 3 potions of lignification
 r - 2 potions of flight {unknown}
 s - a potion of resistance {unknown}
 x - 2 potions of attraction {unknown}
 K - a potion of degeneration {unknown}


   Skills:
 + Level 6.8 Maces & Flails
 - Level 1.5 Dodging
 - Level 2.1 Stealth
 - Level 2.0 Spellcasting
 - Level 0.7 Transmutations
 * Level 12.5 Earth Magic
 + Level 6.3 Invocations


You had 2 spell levels left.
You knew the following spells:

 Your Spells              Type           Power      Damage    Failure   Level
a - Sandblast             Erth           100%       2d20      1%          1
b - Passwall              Tmut/Erth      28%        N/A       1%          2
c - Stone Arrow           Conj/Erth      64%        3d11      2%          3
d - Petrify               Tmut/Erth      34%        N/A       8%          4

Your spell library contained the following spells:

 Spells                   Type           Power      Damage    Failure   Level
 Necrotise                Necr           8%         1d4       12%         1
 Vampiric Draining        Necr           2%         2d6       34%         3
 Agony                    Necr           2%         N/A       97%         5


Dungeon Overview and Level Annotations

Branches:
Dungeon (8/15)             Temple (0/1) D:6
   Lair: D:8-11

Altars:
Ashenzari
Dithmenos
Elyvilon
Fedhas
Kikubaaqudgha
Okawaru
Qazlal
Trog
Wu Jian
Yredelemnul


Innate Abilities, Weirdness & Mutations

You are immune to sickness and miasma.
Your stone body is resilient. (AC +6)
You are immune to poison.
You resist negative energy. (rN+)
You are resistant to electric shocks. (rElec)
You are resistant to unholy torment.
You are immune to petrification.


Message History

J - a +0 pair of gloves
Okay, then.
You're already wearing that object!
There is an open door here.
K - a dark potion You see here a +0 cloak.
g - 3 lumpy golden potions (gained 1)
There is a stone staircase leading up here.
A centaur comes into view.
Found a glowing longbow.
The centaur shouts!
A centaur is nearby!
No reachable target in view!
A meliai comes into view.
It is wielding a +0 war axe of freezing.
Found a long runed staff.
The meliai buzzes angrily.
A deep elf pyromancer comes into view. It is wielding a +0 rapier.
Found a knobbly jewelled staff.
The blast of sand hits the meliai but does no damage.
The meliai mumbles some strange prayers to its god against you.
Something smites you!
The blast of sand hits the meliai!
The meliai is heavily wounded.
The meliai invokes the aid of its god against you.
Something smites you! You block the meliai's attack.
The meliai barely misses you.
You are too injured to fight recklessly!
Casting: Sandblast (safe; 1% risk of failure)
Confirm with . or Enter, or press ? or * to list all spells.
Aiming: Sandblast (safe; 1% risk of failure)
Press: ? - help, Shift-Dir - straight line, f/p - meliai
Aim: a meliai, wielding a +0 war axe of freezing and wearing a +0 robe (heavily wounded, 78% to hit)
The blast of sand hits the meliai!
The meliai is almost dead.
The meliai mumbles some strange prayers to its god against you.
Something smites you!
* * * LOW HITPOINT WARNING * * *
The meliai calls down the wrath of its god upon you.
Something smites you!
You die...

####.## #.#.......... ###
#.....####......#.####
##.#. #.#.....<......##.#
#
#.#..##.#...####........#
# .###.......##
####.##### # ##.##.#.####
#.# # #...##..##### #+# #
..#..##.....#
.###..##.##@#
##)##..##.#y#
#|..##..##..#
##...##..##..
.#8#..##..##.#
...##..##..c##
#..|##..##..# ..##.###


You could see a meliai and a centaur.

Vanquished Creatures
  A troll (D:7)
  Grinder (D:6)
  Prince Ribbit (D:5)
  Menkaure (D:6)
  A water moccasin (D:7)
  A sky beast (D:7)
  4 ice beasts
  3 ogres
  2 centaurs
  A kobold brigand (D:6)
  3 bullfrogs (D:7)
  5 scorpions
  3 wights (D:7)
  3 killer bees (D:7)
  2 hounds
  An orc priest (D:7)
  4 jellies
  Crazy Yiuf (D:5)
  A gnoll bouda (D:5)
  An iguana (D:5)
  3 orc wizards
  17 gnolls
  5 adders
  2 shadow imps
  A white imp (D:6)
  A worm (D:3)
  5 dart slugs
  12 orcs
  6 endoplasms
  5 giant cockroaches
  6 goblins
  7 hobgoblins
  4 jackals
  5 kobolds
  9 ball pythons
  3 bats
  7 rats
138 creatures vanquished.

Notes
Turn   | Place    | Note
-------+----------+-------------------------------------------
     0 | D:1      | otct the Gargoyle Earth Elementalist began the quest for
                  | the Orb.
     0 | D:1      | Reached XP level 1. HP: 10/10 MP: 3/3
   176 | D:1      | Reached skill level 4 in Earth Magic
   296 | D:1      | Reached XP level 2. HP: 12/15 MP: 1/5
   995 | D:2      | Reached XP level 3. HP: 19/19 MP: 4/6
  1051 | D:2      | Reached skill level 1 in Maces & Flails
  1250 | D:2      | Learned a level 2 spell: Passwall
  1457 | D:2      | Reached skill level 5 in Earth Magic
  1486 | D:2      | Reached XP level 4. HP: 24/24 MP: 3/7
  1988 | D:3      | Learned a level 3 spell: Stone Arrow
  2653 | D:3      | Found a bloodstained altar of Trog.
  2794 | D:3      | Reached XP level 5. HP: 28/28 MP: 5/8
  2834 | D:3      | Reached skill level 6 in Earth Magic
  3065 | D:4      | Found a basalt altar of Yredelemnul.
  3362 | D:4      | Found a shadowy altar of Dithmenos.
  3368 | D:4      | Reached skill level 7 in Earth Magic
  3368 | D:4      | Reached XP level 6. HP: 32/32 MP: 6/9
  3488 | D:4      | Found an ancient bone altar of Kikubaaqudgha.
  3489 | D:4      | Found a blossoming altar of Fedhas.
  3703 | D:4      | Found an iron altar of Okawaru.
  3712 | D:4      | Became a worshipper of Warmaster Okawaru
  3891 | D:4      | Upgraded the game from 0.29.1-13-g9f3cf754e1 to
                  | 0.29.1-15-g9cfb28693d
  3948 | D:5      | Entered Level 5 of the Dungeon
  3970 | D:5      | Reached skill level 1 in Invocations
  3970 | D:5      | Reached XP level 7. HP: 31/36 MP: 5/10
  3989 | D:5      | Reached skill level 8 in Earth Magic
  4124 | D:5      | Found a runed translucent door.
  4125 | D:5      | Noticed Crazy Yiuf
  4139 | D:5      | Killed Crazy Yiuf
  4378 | D:5      | Noticed Prince Ribbit
  4383 | D:5      | Killed Prince Ribbit
  4453 | D:5      | Reached * piety under Okawaru
  4454 | D:5      | Reached skill level 9 in Earth Magic
  4522 | D:5      | Found a stormy altar of Qazlal.
  4526 | D:5      | Reached XP level 8. HP: 41/41 MP: 7/11
  4664 | D:5      | Found a white marble altar of Elyvilon.
  4745 | D:5      | Learned a level 4 spell: Petrify
  5170 | D:6      | Found an ornate altar of the Wu Jian Council.
  5179 | D:6      | Noticed Menkaure
  5180 | D:6      | Reached skill level 5 in Maces & Flails
  5191 | D:6      | Reached skill level 10 in Earth Magic
  5195 | D:6      | Killed Menkaure
  5500 | D:6      | Reached ** piety under Okawaru
  5590 | D:6      | Noticed Grinder
  5603 | D:6      | Reached XP level 9. HP: 39/45 MP: 6/12
  5604 | D:6      | Killed Grinder
  5605 | D:6      | Reached skill level 11 in Earth Magic
  5936 | D:6      | Reached skill level 5 in Invocations
  5991 | D:6      | Found a staircase to the Ecumenical Temple.
  6046 | D:7      | Noticed a troll
  6049 | D:7      | Killed a troll
  6550 | D:7      | Reached skill level 12 in Earth Magic
  6642 | D:7      | Reached *** piety under Okawaru
  6760 | D:7      | Identified the +1 robe of the Moon {rN+ Int+3}
  7234 | D:8      | Found a broken altar of Ashenzari.
  7551 | D:8      | Noticed a meliai
  7555 | D:8      | Noticed a deep elf pyromancer
  7563 | D:8      | HP: 2/45 [meliai/divine providence (15)]
  7563 | D:8      | Killed from afar by a meliai

Illustrated notes

Levels and vault maps discovered:
D:1:      mrwooster_arrival_statue_3, layout_basic
D:2:      layout_loops_ring, hangedman_decor_points, minmay_misc_feat_five
D:3:      layout_basic, mainiacjoe_overflow_tiny_flanked
D:4:      layout_loops_ring, mainiacjoe_overflow_alcove_4,
          nicolae_dithmenos_shadow_blocks,
          grunt_temple_overflow_growth_and_decay, kennysheep_mini_moat
D:5:      layout_cave_pools, nicolae_qazlal_scattered_showers, elyvilon_altar_1,
          uniq_crazy_yiuf_cottage, uniq_prince_ribbit1
D:6:      layout_loops_ring, nicolae_wu_jian_wuxing_cycle, temple_statues,
          uniq_menkaure, uniq_grinder
D:7:      layout_gridville, minmay_misc_feat_tiny
D:8:      layout_loops_corners, mainiacjoe_overflow_paths, minmay_diamond_spiral

Skill      XL: |  1  2  3  4  5  6  7  8  9 |
---------------+----------------------------+-----
Earth Magic    | 4 5 7 9 10 12 | 12.5
Maces & Flails | 1 2 3 4 5 6 |  6.8
Invocations    | 1 2 4 6 |  6.3
Dodging        | |  1.5
Stealth        | |  2.1
Spellcasting   | |  2.0
Transmutations | |  0.7

Action                   |  1- 3 |  4- 6 |  7- 9 || total
-------------------------+-------+-------+-------++-------
Melee: Club              |    12 |    12 |       ||    24
       Whip              |       |    17 |     1 ||    18
       Flail             |       |       |     1 ||     1
 Cast: Sandblast         |    44 |    58 |   140 ||   242
  Use: Scroll            |     1 |       |     8 ||     9
 Stab: Sleeping          |       |     2 |       ||     2
Armor: Robe              |    16 |    17 |    26 ||    59
Dodge: Dodged            |    25 |    20 |    51 ||    96
Block: Other             |       |    11 |    14 ||    25
       Reflection        |       |       |     2 ||     2
